 Dungeon Crawl Stone Soup version 0.17.1-1-g73c8601 (webtiles) character file.

171 Goblin1989 the Insei (level 5, -1/27 HPs)
             Began as a Vine Stalker Monk on Dec 31, 2015.
             Slain by an orc
             ... wielding a +0 flail
              (2 damage)
             ... on level 5 of the Dungeon.
             The game lasted 00:07:30 (940 turns).

Goblin1989 the Insei (Vine Stalker Monk)             Turns: 940, Time: 00:07:30

Health: -1/27      AC:  4    Str: 14    XL:     5   Next: 51%
Magic:  0/6        EV: 13    Int: 11    God:
Gold:   55         SH:  0    Dex: 16    Spells: 0 memorised, 4 levels left

rFire  . . .     SeeInvis .       - Unarmed
rCold  . . .     Clarity  .     a - +0 robe
rNeg   . . .     SustAt   .     (no shield)
rPois  .         Gourm    .     i - +0 helmet
rElec  .         Spirit   +     (no cloak)
rCorr  .         Warding  .     (no gloves)
rMut   .         Stasis   .     h - +0 pair of boots
MR     .....                    (no amulet)
Stlth  +++.......               (no ring)
                                (no ring)

@: not resistant to hostile enchantments, fairly stealthy
A: fangs 2, regeneration 1, magic shield, antimagic bite, no device heal 3, rot
immunity
a: no special abilities


You were on level 5 of the Dungeon.
You were not hungry.

You visited 1 branch of the dungeon, and saw 6 of its levels.

You collected 55 gold pieces.

Inventory:

Missiles
 e - 15 poisoned needles
Armour
 a - a +0 robe (worn)
 h - a +0 pair of boots (worn)
 i - a +0 helmet (worn)
Scrolls
 c - 3 scrolls of enchant weapon {unknown}
 d - a scroll of identify {unknown}
Potions
 g - a potion of lignification {unknown}
 j - a potion of mutation {unknown}
 l - a potion of curing {unknown}
Comestibles
 b - 2 bread rations
 f - a meat ration
 k - a beef jerky
 m - a royal jelly


   Skills:
 - Level 2.6 Fighting
 - Level 2.4 Dodging
 + Level 4.6 Stealth
 * Level 5.8 Unarmed Combat


You had 4 spell levels left.
You didn't know any spells.

Dungeon Overview and Level Annotations

Branches:
Dungeon (6/15)
 Temple: D:4-7

Altars:
Fedhas


Innate Abilities, Weirdness & Mutations

You have extremely sharp teeth.
Your natural rate of healing is unusually fast.
When hurt, damage is shared between your health and your magic reserves.
Your bite disrupts and absorbs the magic of your enemies.
Potions and wands cannot restore your health.
You are immune to rotting.


Message History

The sky beast closely misses you. The orc barely misses you.
You closely miss the sky beast. Your bite misses the sky beast.
The sky beast is heavily wounded.
The sky beast closely misses you.
You hit the sky beast but do no damage. You bite the sky beast.
You drain its power.
You feel invigorated.
The sky beast is heavily wounded.
The orc barely misses you. The sky beast hits you.
* * * LOW HITPOINT WARNING * * *
The sky beast shocks you.
* * * LOW HITPOINT WARNING * * *
You barely miss the sky beast. Your bite misses the sky beast.
The sky beast is heavily wounded.
The orc closely misses you. The sky beast barely misses you.
Unknown command.
You hit the sky beast but do no damage. You bite the sky beast.
You drain its power.
You feel invigorated.
The sky beast is severely wounded.
The orc hits you with a flail!
You die...

........# #.......# #
#.......# ##. #.......#
.... #.......#
.....###.......# ###
oo_...........[# #.#
.....###.......#######.###
.... #.......o@Y5......#
##. #.......#########.# #
###############.#.#
#...#..#.# #.#.#..#.#
#####.#....#.#
#...#.###.##.# #.....#
#....# #.#...# ######


You could see a sky beast, a quasit and an orc.

Vanquished Creatures
  An orc priest (D:3)
  An orc wizard (D:3)
  A worker ant zombie (D:3)
  Robin (D:2)
  4 adders
  A gnoll (D:1)
  A worm (D:2)
  7 orcs
  2 bats
  A giant cockroach (D:3)
  A hobgoblin (D:2)
  A quokka (D:5)
  11 goblins
  3 kobolds
  A rat (D:1)
37 creatures vanquished.

Notes
Turn   | Place    | Note
--------------------------------------------------------------
     0 | D:1      | Goblin1989 the Vine Stalker Monk began the quest for the Orb.
     0 | D:1      | Reached XP level 1. HP: 11/11 MP: 2/2
    21 | D:1      | Reached XP level 2. HP: 16/16 MP: 3/3
   172 | D:3      | Reached XP level 3. HP: 19/19 MP: 4/4
   190 | D:3      | Reached skill level 5 in Unarmed Combat
   190 | D:3      | Reached XP level 4. HP: 12/23 MP: 5/5
   427 | D:2      | Noticed Robin
   485 | D:2      | Killed Robin
   485 | D:2      | Reached XP level 5. HP: 5/27 MP: 6/6
   702 | D:4      | Noticed an ogre
   795 | D:5      | Entered Level 5 of the Dungeon
   850 | D:5      | Found a blossoming altar of Fedhas.
   865 | D:6      | Noticed a sky beast
   938 | D:5      | HP: 1/27 [sky beast (4)]
   940 | D:5      | Slain by an orc

Action                   |  1- 3 |  4- 6 || total
-------------------------+-------+-------++-------
Melee: Unarmed           |    35 |   105 ||   140
 Stab: Sleeping          |     2 |     1 ||     3
